 Dungeon Crawl Stone Soup version 0.24-b1-44-g37ad8b309f (webtiles) character file.

Game seed: 16368886534096857159, levelgen mode: deterministic

26 Curus the Cudgeler (level 2, -1/25 HPs)
             Began as a Minotaur Gladiator on Oct 23, 2019.
             Slain by an adder (6 damage)
             ... on level 2 of the Dungeon.
             The game lasted 00:03:48 (815 turns).

Curus the Cudgeler (Minotaur Gladiator)              Turns: 815, Time: 00:03:49

Health: -1/25      AC:  6    Str: 18    XL:     2   Next: 89%
Magic:  1/1        EV: 12    Int:  5    God:
Gold:   127        SH:  0    Dex:  9    Spells: 1/1 levels left

rFire    . . .     SeeInvis .   a - +0 flail
rCold    . . .     Gourm    .   (no shield)
rNeg     . . .     Faith    .   b - +1 leather armour
rPois    .         Spirit   .   c - +1 hat
rElec    +         Reflect  .   (no cloak)
rCorr    .         Harm     +   (no gloves)
MR       +....                  (no boots)
Stlth    +.........             j - amulet of harm
HPRegen  0.08/turn              g - ring of protection from magic
MPRegen  0.07/turn              (no ring)

@: lethally poisoned (-1 -> -7)
A: retaliatory headbutt, horns 2, rugged brown scales 1, clumsy 1, high mp 1,
electricity resistance
a: no special abilities


You were on level 2 of the Dungeon.
You were not hungry.

You visited 1 branch of the dungeon, and saw 2 of its levels.

You collected 127 gold pieces.

Inventory:

Hand Weapons
 a - a +0 flail (weapon)
Missiles
 d - 3 throwing nets (quivered)
Armour
 b - a +1 leather armour (worn)
 c - a +1 hat (worn)
Jewellery
 g - a ring of protection from magic (left hand)
 j - an amulet of harm (around neck)
Scrolls
 h - 2 scrolls of identify
 i - a scroll of remove curse
Comestibles
 f - a ration


   Skills:
 - Level 2.4 Fighting
 + Level 5.0 Maces & Flails
 - Level 2.0 Throwing
 - Level 3.2 Dodging


You had one spell level left.
You didn't know any spells.
Your spell library was empty.

Dungeon Overview and Level Annotations

Branches:
Dungeon (2/15)

Altars:


Innate Abilities, Weirdness & Mutations

You reflexively headbutt those who attack you in melee.
You have a pair of horns on your head.
You are partially covered in rugged brown scales. (AC +1, +3% HP)
You are clumsy. (Dex -2)
You have an increased reservoir of magic. (+10% MP)
You are resistant to electric shocks. (rElec)


Message History

You barely miss the adder.
The adder is moderately wounded.
You feel sick. The adder bites you but does no damage. The adder bites you. x2
You barely miss the adder. Your headbutt misses the adder.
The adder is moderately wounded.
You feel sick. The adder closely misses you. You furiously retaliate!
You headbutt the adder, but do no damage.
The adder bites you but does no damage. The adder bites you.
Unknown command.
You closely miss the adder.
The adder is moderately wounded.
The adder bites you.
* * * LOW HITPOINT WARNING * * *
The adder barely misses you. You furiously retaliate!
You headbutt the adder! The adder closely misses you.
You miss the adder. Your headbutt misses the adder.
The adder is moderately wounded.
* * * LOW HITPOINT WARNING * * *
You feel sick. The adder barely misses you. The adder bites you.
You die...

#......#....##
#...#####.....#
#.. #......# ..
###.#....# .
#........#
#........#
#........#
#........#
#.S@..####
#...S.##
.........#
#####....#
#....# #.....
######


You could see 2 adders.

Vanquished Creatures
  A dart slug (D:1)
  4 giant cockroaches (D:1)
  2 goblins (D:1)
  3 hobgoblins (D:1)
  3 jackals (D:1)
  3 bats (D:1)
  2 kobolds
  4 rats
  A fungus (D:1)
23 creatures vanquished.

Vanquished Creatures (others)
  2 toadstools (D:1)
2 creatures vanquished.

Grand Total: 25 creatures vanquished

Notes
Turn   | Place    | Note
-------+----------+-------------------------------------------
     0 | D:1      | Curus the Minotaur Gladiator began the quest for the Orb.
     0 | D:1      | Reached XP level 1. HP: 18/18 MP: 0/0
   149 | D:1      | Reached skill level 4 in Maces & Flails
   296 | D:1      | Reached XP level 2. HP: 25/25 MP: 1/1
   452 | D:1      | Gained mutation: You have an increased reservoir of magic.
                  | (+10% MP) [potion of mutation]
   452 | D:1      | Gained mutation: You are partially covered in rugged brown
                  | scales. (AC +1, +3% HP) [potion of mutation]
   452 | D:1      | Gained mutation: You are clumsy. (Dex -2) [potion of
                  | mutation]
   452 | D:1      | Gained mutation: You are resistant to electric shocks.
                  | (rElec) [potion of mutation]
   640 | D:1      | Reached skill level 5 in Maces & Flails
   815 | D:2      | Slain by an adder

Skill      XL: |  1  2 |
---------------+-------+-----
Maces & Flails | 4 5 |  5.0
Fighting       | |  2.4
Throwing       | |  2.0
Dodging        | |  3.2

Action                   || total
-------------------------++-------
Melee: Flail             ||    58
       Headbutt          ||     9
  Use: Scroll            ||     5
       Potion            ||     3
Armor: Leather armour    ||    16
Dodge: Dodged            ||    46
